AoeStats
← mr_nvm

Nomad

509455749Analyzed
2v2 RM · 5d ago on Sep 26, 2026· 52m 55s· 4 players
Game mode
Random Map
Map size
176×176
Population
200
Speed
Normal
Resources
Standard
Victory
Conquest
Starting age
Dark Age
Ending age
Imperial Age
RankedLock teamsTeams togetherTeam positionsShared explorationLock speedFull tech treeHidden civsTurbo modeCheats
Victory
Defeat
🇩🇰 Slavs · Denmark
1486
+14
🇨🇦 Japanese · Canada
1310
+21
🇩🇪 Khitans · Germany
1440
-18
🇩🇪 Berbers · Germany
1417
-17
tailwindhighhorses
5:33 Loom
12:24 Feudal Age
12:55 Double-Bit Axe
13:02 Gold Mining
16:10 Stone Mining
18:27 Castle Age
16:40 Horse Collar
18:28 Wheelbarrow
20:08 Bow Saw
21:15 Heavy Plow
26:48 Gold Shaft Mining
29:22 Detinets
29:37 Fletching
30:56 Scale Barding Armor
31:27 Town Watch
36:08 Imperial Age
33:54 Forging
33:58 Bloodlines
35:03 Chain Barding Armor
35:06 Ballistics
36:18 Iron Casting
36:11 Hand Cart
37:57 Chemistry
37:41 Plate Barding Armor
37:58 Conscription
37:00 Elite Boyar
38:28 Masonry
39:21 Blast Furnace
39:13 Bodkin Arrow
40:07 Town Patrol
Steve the Ishvalan
4:28 Loom
14:33 Feudal Age
22:12 Castle Age
20:27 Fletching
23:32 Double-Bit Axe
29:13 Bow Saw
30:14 Yasama
30:14 Horse Collar
32:35 Bodkin Arrow
35:34 Guard Tower
38:15 Ballistics
40:58 Murder Holes
44:51 Imperial Age
45:39 Bracer
46:06 Scale Mail Armor
46:46 Padded Archer Armor
46:46 Elite Skirmisher
50:04 Chemistry
49:26 Leather Archer Armor
49:40 Conscription
50:20 Wheelbarrow
50:20 Heavy Plow
51:21 Ring Archer Armor
53:17 Hand Cart
52:59 Town Watch
53:32 Chain Mail Armor
van jonsenheim
8:59 Loom
12:38 Feudal Age
13:07 Double-Bit Axe
15:10 Forging
24:35 Castle Age
24:22 Wheelbarrow
23:57 Domestication
24:11 Stone Mining
24:12 Gold Mining
24:29 Fishing Lines
25:25 Light Cavalry
27:31 Iron Casting
27:03 Husbandry
27:22 Gillnets
27:41 Fletching
27:57 Town Watch
30:11 Bodkin Arrow
31:10 Bow Saw
31:48 Pastoralism
33:41 Padded Archer Armor
35:44 Ballistics
35:57 Heavy Cavalry Archer
41:12 Imperial Age
40:24 Town Patrol
40:41 Hand Cart
42:15 Bracer
43:19 Thumb Ring
49:01 Conscription
51:02 Chemistry
50:44 Parthian Tactics
50:05 Heavy Camel Rider
51:30 Hussar
mr_nvm
3:47 Loom
12:22 Feudal Age
16:53 Fletching
17:29 Double-Bit Axe
20:43 Gold Mining
22:50 Wheelbarrow
23:27 Town Watch
25:48 Castle Age
25:50 Horse Collar
26:34 Bodkin Arrow
26:56 Medium Warships
28:58 Town Watch
31:59 Imperial Age
30:37 Stone Mining
32:05 Hand Cart
32:50 Bracer
33:12 Ballistics
35:34 Padded Archer Armor
36:01 Conscription
37:22 Heavy Warships
38:21 Bow Saw
40:19 Heavy Plow
43:36 Leather Archer Armor
44:46 Chemistry
51:04 Treadmill Crane
Connection lost

Rejoining the realm…

Still unreachable

The connection could not be restored.

Session expired

The server has moved on; the page needs a fresh start.